 Dungeon Crawl Stone Soup version 0.27-a0-1154-gfdeffcb720 (webtiles) character file.

Game seed: 6445938105902791829

96 DasRunzen the Slasher (level 4, -2/37 HPs)
             Began as a Demigod Gladiator on May 14, 2021.
             Slain by a jackal (3 damage)
             ... on level 2 of the Dungeon.
             The game lasted 00:03:50 (2454 turns).

DasRunzen the Slasher (Demigod Gladiator)           Turns: 2454, Time: 00:03:51

Health: -2/37      AC:  3    Str: 15    XL:     4   Next: 18%
Magic:  8/8        EV: 12    Int: 14    God:
Gold:   68         SH:  0    Dex: 13    Spells: 3/5 levels left

rFire    . . .     SeeInvis .   a - +0 long sword
rCold    . . .     Faith    .   (no shield)
rNeg     . . .     Spirit   .   b - +0 leather armour
rPois    .         Reflect  .   (no helmet)
rElec    .         Harm     .   (no cloak)
rCorr    .         Rampage  .   (no gloves)
Will     .....     Clarity  +   (no boots)
Stlth    +.........             (no amulet)
HPRegen  0.12/turn              (no ring)
MPRegen  0.11/turn              (no ring)

@: no status effects
A: high mp 1, forlorn, clarity, clumsy 1, evolution 1
a: no special abilities


You were on level 2 of the Dungeon.
You visited 1 branch of the dungeon, and saw 3 of its levels.

You collected 68 gold pieces.

Inventory:

Hand Weapons
 a - a +0 long sword (weapon)
Missiles
 d - 3 throwing nets (quivered)
Armour
 b - a +0 leather armour (worn)
 c - a +0 helmet
 f - a +0 kite shield
Potions
 l - a potion of resistance {unknown}


   Skills:
 + Level 2.3 Fighting
 + Level 3.2 Long Blades
 - Level 1.7 Throwing
 + Level 1.3 Armour
 + Level 3.0 Dodging
 + Level 1.0 Shields
 + Level 1.1 Spellcasting
 + Level 0.1 Conjurations


You had 3 spell levels left.
You knew the following spells:

 Your Spells              Type           Power      Damage    Failure   Level
a - Searing Ray           Conj           2%         3d3       41%         2

Your spell library contained the following spells:

 Spells                   Type           Power      Damage    Failure   Level
 Magic Dart               Conj           4%         1d3       30%         1
 Dazzling Flash           Conj/Hex       2%         N/A       67%         3
 Fulminant Prism          Conj/Hex       0%         3d6       97%         4
 Iskenderun's Mystic Bla  Conj/Tloc      1%         2d3       97%         4


Dungeon Overview and Level Annotations

Branches:
Dungeon (3/15)


Innate Abilities, Weirdness & Mutations

Your attributes grow dramatically as you level up.
You have an increased reservoir of magic. (+10% MP)
You shall have no god before yourself.
You possess an exceptional clarity of mind.
You are clumsy. (Dex -2)
You evolve.


Message History

* * * LOW HITPOINT WARNING * * *
The orc wizard closely misses you.
You riposte.
You hit the orc wizard.
The orc wizard is lightly wounded.
The jackal barely misses you.
It was a potion of heal wounds.
You feel much better. The orc barely misses you.
The orc wizard hits you but does no damage.
The jackal bites you but does no damage.
You hit the orc wizard but do no damage.
The orc wizard is lightly wounded.
The jackal bites you but does no damage.
The orc hits you with a +0 hand axe.
The orc wizard hits you with a +0 dagger.
The jackal bites you. The orc barely misses you.
You hit the orc wizard.
The orc wizard is lightly wounded.
The orc wizard hits you with a +0 dagger.
The jackal closely misses you. The orc hits you with a +0 hand axe.
You hit the orc wizard.
The orc wizard is moderately wounded.
The jackal closely misses you.
The orc wizard hits you but does no damage.
The jackal bites you.
* * * LOW HITPOINT WARNING * * *
The orc hits you with a +0 hand axe.
* * * LOW HITPOINT WARNING * * *
The orc wizard hits you with a +0 dagger.
* * * LOW HITPOINT WARNING * * *
You hit the orc but do no damage. The jackal closely misses you.
You riposte.
You hit the jackal.
The jackal is almost dead.
The orc misses you.
The orc wizard points at you and mumbles some strange words.
You feel momentarily confused. The jackal barely misses you.
Unknown command.
It was a potion of cancellation.
You feel magically purged. The orc hits you with a +0 hand axe.
* * * LOW HITPOINT WARNING * * *
The jackal bites you.
You die...

###...............
#.....#..........
#................
#.....#...####...
#............#(##
###.......##......
##.....###.##......
#oh#..## #.....#..#
##@oo#####....###..
#####.##..<....# ###
#..............#####
#...........##....##
#..........###......
#..........# #......
#.[........###....##
#.................##
#..........######.#.


You could see an orc wizard, 2 orcs and a jackal.

Vanquished Creatures
  Jessica (D:2)
  A worm (D:3)
  2 dart slugs
  2 orcs
  4 ball pythons
  7 endoplasms
  2 goblins
  11 hobgoblins
  5 jackals
  3 quokkas (D:1)
  5 bats
  A frilled lizard (D:3)
  7 kobolds
  3 rats
54 creatures vanquished.

Notes
Turn   | Place    | Note
-------+----------+-------------------------------------------
     0 | D:1      | DasRunzen the Demigod Gladiator began the quest for the
                  | Orb.
     0 | D:1      | Reached XP level 1. HP: 17/17 MP: 3/3
   364 | D:1      | Reached XP level 2. HP: 17/24 MP: 4/4
  1305 | D:2      | Noticed Jessica
  1309 | D:2      | Killed Jessica
  1310 | D:2      | Reached skill level 1 in Armour
  1310 | D:2      | Reached XP level 3. HP: 17/29 MP: 6/6
  1312 | D:2      | Reached skill level 1 in Spellcasting
  1471 | D:2      | Learned a level 2 spell: Searing Ray
  1916 | D:2      | Gained mutation: You have a pair of small antennae on your
                  | head. [potion of mutation]
  1916 | D:2      | Gained mutation: You are frail. (-10% HP) [potion of
                  | mutation]
  1917 | D:2      | Lost mutation: You are frail. (-10% HP) [potion of
                  | mutation]
  1917 | D:2      | Lost mutation: You have a pair of small antennae on your
                  | head. [potion of mutation]
  1917 | D:2      | Gained mutation: You have supernaturally acute eyesight.
                  | (SInv) [potion of mutation]
  1917 | D:2      | Gained mutation: You are clumsy. (Dex -2) [potion of
                  | mutation]
  1917 | D:2      | Gained mutation: You occasionally shout uncontrollably at
                  | your foes. [potion of mutation]
  1918 | D:2      | Lost mutation: You have supernaturally acute eyesight.
                  | (SInv) [potion of mutation]
  1918 | D:2      | Lost mutation: You occasionally shout uncontrollably at
                  | your foes. [potion of mutation]
  1918 | D:2      | Gained mutation: You possess an exceptional clarity of
                  | mind. [potion of mutation]
  1918 | D:2      | Gained mutation: You evolve. [potion of mutation]
  2295 | D:3      | Reached XP level 4. HP: 36/36 MP: 8/8
  2320 | D:3      | Noticed a black bear
  2361 | D:2      | Reached skill level 1 in Shields
  2454 | D:2      | HP: 1/37 [orc/+0 hand axe (5)]
  2454 | D:2      | Slain by a jackal

Illustrated notes

Levels and vault maps discovered:
D:1:      elethiomel_arrival_quiet, layout_loops_ring,
          ebering_ecumenical_altar_webs
D:2:      layout_rooms, uniq_jessica
D:3:      layout_rooms, corexii_item_surrounded_by_moat, skrybe_limestone_x

Skill      XL: |  1  2  3  4 |
---------------+-------------+-----
Fighting       | 2 |  2.3
Long Blades    | 3 |  3.2
Armour         | 1 |  1.3
Dodging        | 3 |  3.0
Spellcasting   | 1 |  1.1
Shields        | 1 |  1.0
Throwing       | |  1.7
Conjurations   | |  0.1

Action                   |  1- 3 |  4- 6 || total
-------------------------+-------+-------++-------
Melee: Long sword        |   125 |    24 ||   149
  Use: Scroll            |     5 |       ||     5
       Potion            |     3 |     2 ||     5
 Stab: Sleeping          |     2 |       ||     2
Armor: Leather armour    |    43 |     8 ||    51
Dodge: Dodged            |    81 |    34 ||   115
       Rpst.: Long sword |    24 |     4 ||    28

Table legend: (Time is in decaauts)
 A = Elapsed time spent in this place.
 B = Non-inter-level travel time spent in this place.
 C = Inter-level travel time spent in this place.
 D = Time resting spent in this place.
 E = Time spent auto-exploring this place.
 F = Levels seen in this place.
 G = Mean time per level.
                   A        B        C        D        E       F      G
               +--------+--------+--------+--------+--------+-----+--------+
         Total |   2494 |   2458 |     36 |    372 |   1687 |   3 |  831.3 |
       Dungeon |   2494 |   2458 |     36 |    372 |   1687 |   3 |  831.3 |
               +--------+--------+--------+--------+--------+-----+--------+

Top non-repeatable levels by time:
     D:1: 1312 daAuts
     D:2: 1074 daAuts
     D:3: 107 daAuts
